TOP OF THE 1ST |
Houston Hammertime batting - Pitching for Las Vegas Stars : RHP Dema Mitenkov
|
Pitching: RHP Dema Mitenkov
|
|
Batting: RHB Don Hooper
|
0-0: SINGLE (Groundball, 56) (infield hit)
|
Batting: RHB Alonso Holguín
|
0-0: Foul Ball, location: 2F 0-1: Ball 1-1: Foul Ball, location: 2F 1-2: Ball 2-2: Ball Don Hooper steals 2nd base 3-2: Foul Ball, location: 2F 3-2: Strikes out looking
|
Batting: RHB Dan Mason
|
0-0: Ball 1-0: Ball 2-0: Called Strike 2-1: SINGLE (Groundball, 4MD) Don Hooper to third Runner from 3rd tries for Home, SAFE, no throw
|
Batting: LHB Juan Cabañas
|
0-0: Ball 1-0: Grounds into double play, 4-6-3 (Groundball, 4)
|
Top of the 1st over - 1 run(s), 2 hit(s), 0 error(s), 0 left on base; Houston 1 - Las Vegas 0 |
BOTTOM OF THE 1ST |
Las Vegas Stars batting - Pitching for Houston Hammertime : RHP Kevin Bader
|
Pitching: RHP Kevin Bader
|
|
Batting: SHB Héctor Barajas
|
0-0: Swinging Strike 0-1: Fly out, F7 (Flyball, 7LSF)
|
Batting: SHB Sloan James
|
0-0: Fly out, F8 (Flyball, 78M)
|
Batting: RHB Tom Howe
|
0-0: Ball 1-0: Ground out 4-3 (Groundball, 34D)
|
Bottom of the 1st over - 0 run(s), 0 hit(s), 0 error(s), 0 left on base; Houston 1 - Las Vegas 0 |
TOP OF THE 2ND |
Houston Hammertime batting - Pitching for Las Vegas Stars : RHP Dema Mitenkov
|
Batting: RHB David Hernández
|
0-0: SINGLE (Flyball, 8RS)
|
Batting: RHB Carlos Pérez
|
0-0: Called Strike 0-1: Fly out, F6 (Flyball, 6D)
|
Batting: LHB Bartolo Villanueva
|
0-0: Ball 1-0: Fielders Choice at 2nd, 3-6 (Groundball, 3)
|
Batting: RHB Alberto Chávez
|
0-0: Called Strike 0-1: Ball 1-1: Ball 2-1: Called Strike 2-2: Ball 3-2: Ground out 1-3 (Groundball, 13)
|
Top of the 2nd over - 0 run(s), 1 hit(s), 0 error(s), 1 left on base; Houston 1 - Las Vegas 0 |
BOTTOM OF THE 2ND |
Las Vegas Stars batting - Pitching for Houston Hammertime : RHP Kevin Bader
|
Batting: RHB Kyle Bacon
|
0-0: Ball 1-0: Ball 2-0: DOUBLE (Line Drive, 7LM)
|
Batting: RHB Brian George
|
0-0: Ball 1-0: Called Strike 1-1: Called Strike 1-2: 2-RUN HOME RUN (Line Drive, 7LD), Distance : 402 ft
|
Batting: LHB Terry White
|
0-0: Foul Ball, location: 2F 0-1: Fly out, F8 (Flyball, 8LD)
|
Batting: LHB Diego Torres
|
0-0: Ball 1-0: Ball 2-0: Called Strike 2-1: Foul Ball, location: 2F 2-2: Foul Ball, location: 2F 2-2: Ground out 3-1 (Groundball, 34S)
|
Batting: RHB Ryan McBride
|
0-0: Ball 1-0: Swinging Strike 1-1: SINGLE (Groundball, 6D)
|
Batting: LHB Paco Rivera
|
0-0: Ball 1-0: Ball 2-0: Called Strike 2-1: Foul Ball, location: 2F 2-2: Foul Ball, location: 2F 2-2: Ball 3-2: Fly out, F3 (Popup, 3L)
|
Bottom of the 2nd over - 2 run(s), 3 hit(s), 0 error(s), 1 left on base; Houston 1 - Las Vegas 2 |
TOP OF THE 3RD |
Houston Hammertime batting - Pitching for Las Vegas Stars : RHP Dema Mitenkov
|
Batting: LHB Fernando Camacho
|
0-0: DOUBLE (Groundball, 3D)
|
Batting: RHB Don Hooper
|
0-0: Ball 1-0: SINGLE (Line Drive, 6MD) Fernando Camacho to third
|
Batting: RHB Alonso Holguín
|
0-0: Ball 1-0: Swinging Strike 1-1: Ball 2-1: Called Strike 2-2: Fly out, F9 (Flyball, 9S)
|
Batting: RHB Dan Mason
|
0-0: Ball 1-0: Called Strike 1-1: Ball 2-1: Ball Don Hooper is caught stealing 2nd base 3-1: Base on Balls
|
Batting: LHB Juan Cabañas
|
0-0: Ball 1-0: Ball 2-0: Ball 3-0: Base on Balls Dan Mason to second
|
Batting: RHB David Hernández
|
0-0: Ball 1-0: SINGLE (Groundball, 56D) Fernando Camacho scores Dan Mason to third Juan Cabañas to second Runner from 3rd tries for Home, SAFE, no throw
|
Batting: RHB Carlos Pérez
|
0-0: Called Strike 0-1: Foul Ball, location: 2F 0-2: Ball 1-2: Foul Ball, location: 2F 1-2: Fielders Choice at 2nd, 6-4 (Groundball, 6)
|
Top of the 3rd over - 2 run(s), 3 hit(s), 0 error(s), 1 left on base; Houston 3 - Las Vegas 2 |
BOTTOM OF THE 3RD |
Las Vegas Stars batting - Pitching for Houston Hammertime : RHP Kevin Bader
|
Batting: SHB Héctor Barajas
|
0-0: Swinging Strike 0-1: Swinging Strike 0-2: Foul Ball, location: 2F 0-2: Strikes out swinging
|
Batting: SHB Sloan James
|
0-0: Foul Ball, location: 2F 0-1: Ball 1-1: Ground out 2-3 (Groundball, 2R)
|
Batting: RHB Tom Howe
|
0-0: Called Strike 0-1: Ground out 6-3 (Groundball, 6)
|
Bottom of the 3rd over - 0 run(s), 0 hit(s), 0 error(s), 0 left on base; Houston 3 - Las Vegas 2 |
TOP OF THE 4TH |
Houston Hammertime batting - Pitching for Las Vegas Stars : RHP Dema Mitenkov
|
Batting: LHB Bartolo Villanueva
|
0-0: Foul Ball, location: 2F 0-1: Ball 1-1: Ground out 6-3 (Groundball, 6)
|
Batting: RHB Alberto Chávez
|
0-0: Called Strike 0-1: Swinging Strike 0-2: Ball 1-2: Strikes out swinging
|
Batting: LHB Fernando Camacho
|
0-0: Ball 1-0: Called Strike 1-1: Ball 2-1: Ball 3-1: Swinging Strike 3-2: Base on Balls
|
Batting: RHB Don Hooper
|
0-0: Fielders Choice at 2nd, 5-4 (Groundball, 56)
|
Top of the 4th over - 0 run(s), 0 hit(s), 0 error(s), 0 left on base; Houston 3 - Las Vegas 2 |
BOTTOM OF THE 4TH |
Las Vegas Stars batting - Pitching for Houston Hammertime : RHP Kevin Bader
|
Batting: RHB Kyle Bacon
|
0-0: Ball 1-0: Called Strike 1-1: Fly out, F4 (Popup, 3D)
|
Batting: RHB Brian George
|
0-0: Fly out, F8 (Flyball, 8RM)
|
Batting: LHB Terry White
|
0-0: Swinging Strike 0-1: Ball 1-1: Foul Ball, location: 2F 1-2: SINGLE (Groundball, 4MD)
|
Batting: LHB Diego Torres
|
0-0: Ball Wild Pitch! Terry White to second 1-0: Ball 2-0: Called Strike 2-1: Ball 3-1: Base on Balls
|
Batting: RHB Ryan McBride
|
0-0: Ball 1-0: Ball 2-0: Called Strike 2-1: Fielders Choice at 2nd, 5-4 (Groundball, 56)
|
Bottom of the 4th over - 0 run(s), 1 hit(s), 0 error(s), 1 left on base; Houston 3 - Las Vegas 2 |
TOP OF THE 5TH |
Houston Hammertime batting - Pitching for Las Vegas Stars : RHP Dema Mitenkov
|
Batting: RHB Alonso Holguín
|
0-0: Foul Ball, location: 2F 0-1: Foul Ball, location: 2F 0-2: Fly out, F9 (Flyball, 9S)
|
Batting: RHB Dan Mason
|
0-0: Called Strike 0-1: Ball 1-1: Ball 2-1: DOUBLE (Line Drive, 7LS)
|
Batting: LHB Juan Cabañas
|
0-0: Ball 1-0: Ball 2-0: Called Strike 2-1: SINGLE (Groundball, 5D) Dan Mason to third Runner from 3rd tries for Home, SAFE, no throw
|
Batting: RHB David Hernández
|
0-0: Ball 1-0: Foul Ball, location: 2F 1-1: Ball 2-1: Ball 3-1: Fly out, F9 (Flyball, 9LS)
|
Pitching: RHP Jorge Oliva
|
|
Batting: RHB Carlos Pérez
|
0-0: Foul Ball, location: 2F 0-1: Called Strike 0-2: Ball 1-2: Hit by Pitch Juan Cabañas to second
|
Batting: LHB Bartolo Villanueva
|
0-0: Ball 1-0: Ball 2-0: Swinging Strike 2-1: Fly out, F2 (Popup, 25)
|
Top of the 5th over - 1 run(s), 2 hit(s), 0 error(s), 2 left on base; Houston 4 - Las Vegas 2 |
BOTTOM OF THE 5TH |
Las Vegas Stars batting - Pitching for Houston Hammertime : RHP Kevin Bader
|
Batting: LHB Paco Rivera
|
0-0: Ball 1-0: Swinging Strike 1-1: Ball 2-1: Ball 3-1: Ground out 6-3 (Groundball, 6D)
|
Batting: SHB Héctor Barajas
|
0-0: Called Strike 0-1: Ball 1-1: Ball 2-1: Called Strike 2-2: Strikes out swinging
|
Batting: SHB Sloan James
|
0-0: Ball 1-0: Ball 2-0: Called Strike 2-1: Called Strike 2-2: Foul Ball, location: 2F 2-2: Foul Ball, location: 2F 2-2: Ball 3-2: Foul Ball, location: 2F 3-2: Base on Balls
|
Batting: RHB Tom Howe
|
0-0: Ball 1-0: Ball 2-0: Fly out, F5 (Line Drive, 5S)
|
Bottom of the 5th over - 0 run(s), 0 hit(s), 0 error(s), 1 left on base; Houston 4 - Las Vegas 2 |
TOP OF THE 6TH |
Houston Hammertime batting - Pitching for Las Vegas Stars : RHP Jorge Oliva
|
Batting: RHB Alberto Chávez
|
0-0: Ball 1-0: Called Strike 1-1: Ground out 5-3 (Groundball, 56)
|
Batting: LHB Fernando Camacho
|
0-0: Called Strike 0-1: Called Strike 0-2: Ground out 3-1 (Groundball, 34)
|
Batting: RHB Don Hooper
|
0-0: SINGLE (Groundball, 6D)
|
Batting: RHB Alonso Holguín
|
0-0: Ball 1-0: Ball Throwing error on steal attempt, E2 Don Hooper to third 2-0: Called Strike 2-1: Ball 3-1: Foul Ball, location: 2F 3-2: Strikes out swinging
|
Top of the 6th over - 0 run(s), 1 hit(s), 1 error(s), 1 left on base; Houston 4 - Las Vegas 2 |
BOTTOM OF THE 6TH |
Las Vegas Stars batting - Pitching for Houston Hammertime : RHP Kevin Bader
|
Batting: RHB Kyle Bacon
|
0-0: Called Strike 0-1: Ball 1-1: Ball 2-1: Foul Ball, location: 2F 2-2: SOLO HOME RUN (Flyball, 9D), Distance : 415 ft
|
Batting: RHB Brian George
|
0-0: Ball 1-0: Ground out 5-3 (Groundball, 5)
|
Batting: LHB Terry White
|
0-0: Ball 1-0: Ball 2-0: Ball 3-0: Base on Balls
|
Batting: LHB Diego Torres
|
0-0: Ball 1-0: Ball Wild Pitch! Terry White to second 2-0: Foul Ball, location: 2F 2-1: Fly out, F7 (Flyball, 7S)
|
Batting: RHB Ryan McBride
|
0-0: Swinging Strike 0-1: SINGLE (Groundball, 56D) Terry White to third Runner from 3rd tries for Home, SAFE, throw made home Ryan McBride to second
|
Batting: LHB Paco Rivera
|
0-0: Called Strike 0-1: Ball 1-1: Swinging Strike 1-2: Ball 2-2: Fly out, F9 (Flyball, 9)
|
Bottom of the 6th over - 2 run(s), 2 hit(s), 0 error(s), 1 left on base; Houston 4 - Las Vegas 4 |
TOP OF THE 7TH |
Houston Hammertime batting - Pitching for Las Vegas Stars : RHP Jorge Oliva
|
Batting: RHB Dan Mason
|
0-0: Called Strike 0-1: Swinging Strike 0-2: Ground out 6-3 (Groundball, 6)
|
Batting: LHB Juan Cabañas
|
0-0: Ball 1-0: Swinging Strike 1-1: Ball 2-1: Ground out 4-3 (Groundball, 4)
|
Batting: RHB David Hernández
|
0-0: Ball 1-0: Ball 2-0: Ball 3-0: Called Strike 3-1: Base on Balls
|
Pinch Hitting: LHB Pat Jones
|
0-0: Foul Ball, location: 2F 0-1: Ball 1-1: Foul Ball, location: 2F 1-2: Ball 2-2: Ball 3-2: Foul Ball, location: 2F 3-2: Ground out U3 (Groundball, 3L)
|
Top of the 7th over - 0 run(s), 0 hit(s), 0 error(s), 1 left on base; Houston 4 - Las Vegas 4 |
BOTTOM OF THE 7TH |
Las Vegas Stars batting - Pitching for Houston Hammertime : RHP Kevin Bader
|
Pitching: RHP Andrés Rivera
|
|
Now at 2B: Richard Bowman
|
|
Batting: SHB Héctor Barajas
|
0-0: Ball 1-0: Called Strike 1-1: Swinging Strike 1-2: Strikes out swinging
|
Batting: SHB Sloan James
|
0-0: Swinging Strike 0-1: Called Strike 0-2: Foul Ball, location: 2F 0-2: Foul Ball, location: 2F 0-2: Ball 1-2: Strikes out swinging
|
Batting: RHB Tom Howe
|
0-0: Ball 1-0: Ball 2-0: Called Strike 2-1: Ground out 5-3 (Groundball, 56)
|
Bottom of the 7th over - 0 run(s), 0 hit(s), 0 error(s), 0 left on base; Houston 4 - Las Vegas 4 |
TOP OF THE 8TH |
Houston Hammertime batting - Pitching for Las Vegas Stars : RHP Jorge Oliva
|
Batting: LHB Bartolo Villanueva
|
0-0: Ball 1-0: Foul Ball, location: 2F 1-1: Ball 2-1: Foul Ball, location: 2F 2-2: Ball 3-2: Fly out, F7 (Flyball, 78M)
|
Batting: RHB Alberto Chávez
|
0-0: Ball 1-0: Ball 2-0: Called Strike 2-1: Foul Ball, location: 2F 2-2: Foul Ball, location: 2F 2-2: Strikes out swinging, 2-3 out at first.
|
Pitching: LHP Jeff Catron
|
|
Pinch Hitting: RHB José García
|
0-0: Ball 1-0: Ground out 6-3 (Groundball, 6)
|
Top of the 8th over - 0 run(s), 0 hit(s), 0 error(s), 0 left on base; Houston 4 - Las Vegas 4 |
BOTTOM OF THE 8TH |
Las Vegas Stars batting - Pitching for Houston Hammertime : RHP Andrés Rivera
|
Now at 1B: José García
|
|
Batting: RHB Kyle Bacon
|
0-0: Foul Ball, location: 2F 0-1: Ground out 4-3 (Groundball, 34)
|
Batting: RHB Brian George
|
0-0: Called Strike 0-1: Swinging Strike 0-2: Hit by Pitch
|
Pitching: LHP Dan Snyder
|
|
Pinch Hitting: SHB Júlio Salazar
|
0-0: Ball 1-0: Called Strike 1-1: Swinging Strike 1-2: Ball 2-2: Strikes out looking
|
Pitching: LHP Martin White
|
|
Pinch Hitting: RHB José Zúñiga
|
0-0: Called Strike 0-1: Called Strike 0-2: Fly out, F9 (Line Drive, 9)
|
Bottom of the 8th over - 0 run(s), 0 hit(s), 0 error(s), 1 left on base; Houston 4 - Las Vegas 4 |
TOP OF THE 9TH |
Houston Hammertime batting - Pitching for Las Vegas Stars : LHP Jeff Catron
|
Pitching: RHP Terry Adams
|
|
Now in LF: José Zúñiga
|
|
Now in RF: Júlio Salazar
|
|
Batting: RHB Don Hooper
|
0-0: Called Strike 0-1: Ball 1-1: Ground out 5-3 (Groundball, 56)
|
Batting: RHB Alonso Holguín
|
0-0: Ball 1-0: Ball 2-0: Called Strike 2-1: Ball 3-1: Foul Ball, location: 2F 3-2: Ground out 4-3 (Groundball, 4)
|
Batting: RHB Dan Mason
|
0-0: Ground out 5-3 (Groundball, 5S)
|
Top of the 9th over - 0 run(s), 0 hit(s), 0 error(s), 0 left on base; Houston 4 - Las Vegas 4 |
|